 Seeded DCSS version 0.29.1-15-g9cfb28693d (webtiles) character file.

Game seed: 508 (custom seed)

17 tkbsonic5 the Sneak (level 2, -2/20 HPs)
             Began as a Formicid Enchanter on Mar 27, 2023.
             Killed by an exploding adder (20 damage)
             ... ignited by their inner flame
             ... on level 2 of the Dungeon on Mar 29, 2023.
             The game lasted 00:05:21 (1171 turns).

tkbsonic5 the Sneak (Formicid Enchanter)            Turns: 1171, Time: 00:05:22

Health: -2/20      AC:  2    Str: 12    XL:     2   Next: 80%
Magic:  5/5        EV: 12    Int: 14    God:
Gold:   89         SH:  0    Dex: 14    Spells: 5/5 levels left

rFire   + . .      SeeInvis +   e - +0 rapier
rCold   + . .      Faith    .   (no shield)
rNeg    . . .      Spirit   .   b - +0 robe
rPois   .          Reflect  .   (helmet unavailable)
rElec   .          Harm     .   j - scarf {rC+ rF+}
rCorr   .          Rampage  .   (no gloves)
Will    .....                   (no boots)
Stlth   +++.......              (no amulet)
HPRegen 0.06/turn               (no ring)
MPRegen 0.09/turn               (no ring)

@: attractive
A: permanent stasis, dig shafts and tunnels, antennae 3, four strong arms
a: Dig, Shaft Self


You were on level 2 of the Dungeon.
You visited 1 branch of the dungeon, and saw 2 of its levels.

You collected 89 gold pieces.

Inventory:

Hand Weapons
 a - a +1 dagger
 e - a +0 rapier (weapon)
Armour
 b - a +0 robe (worn)
 f - a +0 chain mail
 i - a +0 plate armour
 j - a scarf of resistance (worn)
Scrolls
 l - a scroll of amnesia
Potions
 c - 2 potions of invisibility
 g - a potion of flight {unknown}
 h - a potion of lignification {unknown}
 k - a potion of might {unknown}
 n - a potion of curing {unknown}
 q - a potion of mutation {unknown}


   Skills:
 * Level 0.9 Fighting
 * Level 1.4 Short Blades
 - Level 1.7 Dodging
 * Level 4.0 Stealth
 + Level 2.3 Spellcasting
 * Level 3.8 Hexes


You had 5 spell levels left.
You didn't know any spells.
Your spell library contained the following spells:

 Spells                   Type           Power      Damage    Failure   Level
 Confusing Touch          Hex            12%        N/A       14%         3
 Tukima's Dance           Hex            12%        N/A       14%         3
 Ensorcelled Hibernation  Hex/Ice        14%        N/A       16%         2
 Dazzling Flash           Conj/Hex       14%        N/A       30%         3


Dungeon Overview and Level Annotations

Branches:
Dungeon (2/15)

Altars:


Innate Abilities, Weirdness & Mutations

You cannot be hasted, slowed, berserked, paralysed or teleported.
You can dig through walls and to a lower floor.
You have a pair of large antennae on your head. (SInv)
Your four strong arms can wield two-handed weapons with a shield.


Message History

Game seed: 508 (custom seed) Press ? for a list of commands and other information.
Welcome back, tkbsonic5 the Formicid Enchanter.
Game seed: 508 (custom seed) Press ? for a list of commands and other information.
Welcome back, tkbsonic5 the Formicid Enchanter.
Game seed: 508 (custom seed) Press ? for a list of commands and other information.
An adder is nearby!
Okay, then.
The adder hisses angrily.
Really read the scroll of poison?
The air fills with toxic fumes!
As you read the scroll of poison, it crumbles to dust.
As you read the scroll labelled ZAHUDAR WIMI, it crumbles to dust.
You hear a loud clanging noise!
It was a scroll of noise.
You hear a shout! x2; You hear an angry hiss.
You hear a shout! x2
You hear an angry hiss.
As you read the scroll labelled DEUBOU LIOHAXT, it crumbles to dust.
The creatures around you are filled with an inner flame!
It was a scroll of immolation.
Okay, then.
Okay, then.
You aren't carrying any items that you can evoke.
Really quaff the potion of attraction?
You feel attractive to monsters. The adder is attracted toward you.
You closely miss the adder.
The adder is engulfed in poison gas.
The adder is poisoned.
Flame seeps out of the adder.
The adder bites you.
The adder is engulfed in poison gas.
The adder looks even sicker.
Flame seeps out of the adder.
The adder closely misses you.
You barely miss the adder.
The adder is severely wounded.
Flame seeps out of the adder.
The adder is engulfed in poison gas.
The adder looks even sicker.
The adder explodes!
The fiery explosion engulfs you!! You resist.
Ouch! That really hurt!
You die...

##............#.##
#....§§§§§§§☼☼§§..
#....§§§§☼§§§§§#
#<...§§§§§§§☼§§#
#....§§☼§§§§§§☼#
#....☼§§§☼☼§§§§##
##...§§☼§☼§§§§§§####
##..§§§§§§§☼§§§§§§♣
########§§@§§####♣
#§§§§§# ###§### {
§§# ♣☼§ §§§ ♣§§ §§§§


There were no monsters in sight!

Vanquished Creatures
  An adder (D:2)
  A dart slug (D:1)
  2 endoplasms (D:1)
  2 goblins (D:1)
  2 hobgoblins (D:1)
  4 kobolds (D:1)
  A quokka (D:1)
  A ball python (D:1)
  A rat (D:1)
15 creatures vanquished.

Notes
Turn   | Place    | Note
-------+----------+-------------------------------------------
     0 | D:1      | tkbsonic5 the Formicid Enchanter began the quest for the
                  | Orb.
     0 | D:1      | Reached XP level 1. HP: 13/13 MP: 3/3
   133 | D:1      | Found a faded altar of an unknown god.
   237 | D:1      | Reached XP level 2. HP: 20/20 MP: 5/5
   543 | D:1      | Reached skill level 4 in Stealth
  1171 | D:2      | Killed by an exploding adder... ignited by their inner
                  | flame

Illustrated notes

Levels and vault maps discovered:
D:1:      dpeg_arrival_refuge, layout_basic,
          shapermc_ecumenical_altar_starsandcircs, nicolae_eternal_life,
          kennysheep_minor_cross, chequers_jeans
D:2:      layout_rooms, serial_forest, infiniplex_forest_lined_corner,
          infiniplex_forest_straight_5, infiniplex_forest_straight_2,
          infiniplex_forest_straight_4, infiniplex_forest_lined_ring,
          infiniplex_forest_corner_2, infiniplex_forest_lined_room_3,
          basic_altar, uniq_crazy_yiuf_cottage

Skill      XL: |  1  2 |
---------------+-------+-----
Stealth        | 4 |  4.0
Fighting       | |  0.9
Short Blades   | |  1.4
Dodging        | |  1.7
Spellcasting   | |  2.3
Hexes          | |  3.8

Action                   || total
-------------------------++-------
Melee: Rapier            ||    58
       Punch             ||     2
  Use: Scroll            ||     6
       Potion            ||     1
 Stab: Sleeping          ||     5
Armor: Robe              ||     2
Dodge: Dodged            ||    31
